 Dungeon Crawl Stone Soup version 0.30-a0-793-g160f7cfddd (webtiles) character file.

Game seed: 6665899834428623426

1672797 bakla the Rapturous (level 27, 231/231 HPs)
             Began as a Demonspawn Warper on Feb 19, 2023.
             Was a Follower of Uskayaw.
             Escaped with the Orb
             ... and 3 runes!
             The game lasted 04:38:11 (72437 turns).

bakla the Rapturous (Demonspawn Warper)            Turns: 72437, Time: 04:38:12

Health: 231/231    AC: 19    Str:  9 (11) XL:     27
Magic:  25/25      EV: 27    Int: 20      God:    Uskayaw [*.....]
Gold:   3466       SH: 17    Dex: 22 (23) Spells: 24/48 levels left

rFire   + + .      SeeInvis +    w - +9 rapier (freeze)
rCold   + + +      Faith    .    j - +3 buckler {reflect}
rNeg    . . .      Spirit   +    n - +4 ring mail of Brilliance {Will+ Str+4}
rPois   +          Reflect  +    (helmet unavailable)
rElec   +          Harm     .    m - scarf {rC+ rF+}
rCorr   +          Rampage  .    T - +0 pair of gloves of the Shifting Gods {Contam rC+++ Regen+ rCorr}
Will    +++..                    r - +3 pair of mountain boots {steadfast, rC+}
Stlth   +                        E - amulet of regeneration
HPRegen 2.18/turn                U - ring of Guikidgh {rElec rPois rCorr MP-9 Slay+4}
MPRegen 0.38/turn                R - ring "Medatzof" {+Blink Fly rF+ Str-3 Slay+5}

@: flying, studying 2 skills
A: antennae 3, large bone plates 3, powered by pain 3, magic shield, magic
regeneration, magic link, black mark, bedeviling, aura of silence, clever 1,
clumsy 1, low MP 1, poison resistance, electricity resistance, subdued magic 1,
sturdy frame 1
0: Orb of Zot
}: 3/15 runes: barnacled, silver, gossamer
a: Renounce Religion, Evoke Blink, Stomp


You escaped.
You worshipped Uskayaw.
Uskayaw was greatly pleased with you.
You visited 11 branches of the dungeon, and saw 51 of its levels.
You also visited: Sewer, Gauntlet, Ice Cave and Wizlab.

You collected 8611 gold pieces.
You spent 5145 gold pieces at shops.

Inventory:

Hand Weapons
 w - a +9 rapier of freezing (weapon)
Missiles
 e - 4 throwing nets
 G - 9 curare-tipped darts (quivered)
Armour
 j - a +3 buckler of reflection (worn)
 m - a scarf of resistance (worn)
 n - the +4 ring mail of Brilliance (worn) {Will+ Str+4}
   (You found it on level 3 of the Elven Halls)

   Str:       It affects your strength (+4).
   Will:      It increases your willpower.
 r - the +3 pair of mountain boots (worn) {steadfast, rC+}
   (You acquired it on level 15 of the Dungeon)

   Steadfast: It prevents involuntary movement, except for blinking,
   teleportation, or banishment.
   rC:        It protects you from cold.
 D - the +4 Cigotuvi's embrace {Corpsefed rMiasma Drain rN+}
   (You took it off a deep elf archer on level 3 of the Elven Halls)

   Corpsefed: It gathers nearby corpses to temporarily increase the armour it
   provides.
   rMiasma:   It protects you from foul pestilence.
   rN:        It protects you from negative energy.
   Drain:     It drains your maximum health when unequipped.
 T - the +0 pair of gloves of the Shifting Gods (worn) {Contam rC+++ Regen+ rCorr}
   (You found it on level 4 of the Shoals)

   rC:        It renders you almost immune to cold.
   Contam:    It causes magical contamination when unequipped.
   Regen:     It increases your rate of health regeneration.
   rCorr:     It protects you from acid and corrosion.
 Z - the +1 ring mail "Oshracuf" {rF+ rC+ rCorr}
   (You found it on level 2 of the Lair of Beasts)

   rF:        It protects you from fire.
   rC:        It protects you from cold.
   rCorr:     It protects you from acid and corrosion.
Jewellery
 c - the macabre finger necklace {Finger+ rN+}
   (You bought it in a shop on level 2 of the Vaults)

   [amulet of nothing]

   Finger+:   It enables you to equip an extra ring.
   rN:        It protects you from negative energy.
 f - the ring of the Hart {Fly rC- rN+ Dex+3 Slay+3}
   (You found it on level 3 of the Crypt)

   [ring of positive energy]

   Dex:       It affects your dexterity (+3).
   Slay:      It affects your accuracy & damage with ranged weapons and melee
   (+3).
   rC:        It makes you vulnerable to cold.
   rN:        It protects you from negative energy.
   Fly:       It grants you flight.
 i - the ring of Suicidal Tendencies {Fly rC+ Dex+2}
   (You found it on level 4 of the Shoals)

   [ring of flight]

   Dex:       It affects your dexterity (+2).
   rC:        It protects you from cold.
   Fly:       It grants you flight.
 E - an amulet of regeneration (around neck)
 M - an amulet of reflection
 R - the ring "Medatzof" (right hand) {+Blink Fly rF+ Str-3 Slay+5}
   (You found it on level 1 of the Lair of Beasts)

   [ring of protection from fire]

   Str:       It affects your strength (-3).
   Slay:      It affects your accuracy & damage with ranged weapons and melee
   (+5).
   rF:        It protects you from fire.
   Fly:       It grants you flight.
   +Blink:    It lets you blink.
 U - the ring of Guikidgh (left hand) {rElec rPois rCorr MP-9 Slay+4}
   (You took it off a deep elf pyromancer on level 3 of the Elven Halls)

   [ring of slaying]

   Slay:      It affects your accuracy & damage with ranged weapons and melee
   (+4).
   rElec:     It insulates you from electricity.
   rPois:     It protects you from poison.
   MP:        It affects your magic capacity (-9).
   rCorr:     It protects you from acid and corrosion.
Wands
 h - a wand of light (4)
 C - a wand of iceblast (38)
 J - a wand of polymorph (4)
 O - a wand of digging (1)
Scrolls
 a - 5 scrolls of fog
 t - 6 scrolls of noise
 u - 4 scrolls of silence
 x - a scroll of enchant weapon
 y - 16 scrolls of teleportation
 z - 18 scrolls of amnesia
 B - 6 scrolls of butterflies
 H - 2 scrolls of magic mapping
 L - 8 scrolls of fear
 Q - a scroll of blinking
 Y - 11 scrolls of poison
Potions
 b - 8 potions of resistance
 d - a potion of invisibility
 g - 7 potions of attraction
 k - 10 potions of lignification
 l - 9 potions of mutation
 o - 22 potions of curing
 p - 3 potions of heal wounds
 q - 4 potions of haste
 s - 3 potions of cancellation
 v - 2 potions of berserk rage
 A - 13 potions of brilliance
 F - 9 potions of flight
 I - 11 potions of ambrosia
 K - 9 potions of magic
 S - a potion of might
Miscellaneous
 N - a lightning rod (4/4)
 P - a condenser vane
 V - a box of beasts
 W - a phantom mirror
 X - a phial of floods


   Skills:
 + Level 21.9 Fighting
 - Level 14.0 Short Blades
 - Level 0.8 Throwing
 + Level 17.3 Armour
 - Level 22.3 Dodging
 - Level 5.0 Stealth
 - Level 5.0 Shields
 - Level 11.0 Spellcasting
 - Level 23.0 Hexes
 - Level 2.6 Translocations
 - Level 4.0 Transmutations
 - Level 4.0 Earth Magic
 - Level 23.1 Invocations
 - Level 10.0 Evocations


You had 24 spell levels left.
You knew the following spells:

 Your Spells              Type           Power      Damage    Failure   Level
a - Blink                 Tloc           32%        N/A       4%          2
b - Tukima's Dance        Hex            87%        N/A       0%          3
c - Cause Fear            Hex            43%        N/A       0%          4
d - Discord               Hex            43%        N/A       4%          8
e - Passwall              Tmut/Erth      16%        N/A       2%          2
f - Yara's Violent Unrav  Hex/Tmut       33%        3d14      1%          5

Your spell library contained the following spells:

 Spells                   Type           Power      Damage    Failure   Level
 Slow                     Hex            100%       N/A       0%          1
 Confusing Touch          Hex            87%        N/A       0%          3
 Beastly Appendage        Tmut           40%        N/A       1%          1
 Sandblast                Erth           40%        2d10      1%          1
 Ensorcelled Hibernation  Hex/Ice        100%       N/A       1%          2
 Dazzling Flash           Conj/Hex       100%       N/A       1%          3
 Inner Flame              Hex/Fire       60%        N/A       1%          3
 Portal Projectile        Hex/Tloc       100%       N/A       1%          3
 Summon Guardian Golem    Hex/Summ       60%        N/A       1%          3
 Anguish                  Hex/Necr       30%        N/A       1%          4
 Fulminant Prism          Conj/Hex       30%        3d16      1%          4
 Leda's Liquefaction      Hex/Erth       33%        N/A       1%          4
 Metabolic Englaciation   Hex/Ice        30%        N/A       1%          5
 Silence                  Hex/Air        30%        N/A       1%          5
 Summon Mana Viper        Hex/Summ       60%        N/A       1%          5
 Apportation              Tloc           32%        N/A       2%          1
 Lesser Beckoning         Tloc           32%        N/A       4%          2
 Momentum Strike          Conj/Tloc      24%        3d8       8%          2
 Foxfire                  Conj/Fire      32%        2x1d5     9%          1
 Magic Dart               Conj           32%        1d4       9%          1
 Necrotise                Necr           32%        1d5       9%          1
 Summon Small Mammal      Summ           32%        N/A       9%          1
 Teleport Other           Tloc           16%        N/A       9%          3
 Spider Form              Tmut/Pois      14%        N/A       12%         3
 Stone Arrow              Conj/Erth      28%        3d8       12%         3
 Call Imp                 Summ           8%         N/A       14%         2
 Cigotuvi's Dreadful Rot  Necr/Pois/Air  16%        N/A       14%         2
 Searing Ray              Conj           16%        2d5       14%         2
 Static Discharge         Conj/Air       16%        2-3/arc   14%         2
 Sublimation of Blood     Necr           8%         N/A       14%         2
 Vhi's Electric Charge    Tloc/Air       24%        N/A       16%         3
 Ignite Poison            Fire/Tmut/Pois 12%        N/A       17%         3
 Petrify                  Tmut/Erth      20%        N/A       19%         4
 Kindle Blastsparks       Fire/Tloc/Air  22%        2d11      21%         3
 Call Canine Familiar     Summ           8%         N/A       28%         3
 Hailstorm                Conj/Ice       8%         3d4       28%         3
 Mephitic Cloud           Conj/Pois/Air  8%         N/A       28%         3
 Ozocubu's Armour         Ice            8%         N/A       28%         3
 Vampiric Draining        Necr           8%         2d6       28%         3
 Manifold Assault         Tloc           16%        N/A       32%         4
 Animate Armour           Summ/Erth      28%        N/A       38%         4
 Ice Form                 Ice/Tmut       14%        N/A       38%         4
 Blade Hands              Tmut           10%        N/A       47%         5
 Lee's Rapid Deconstruct  Erth           10%        3d8*      47%         5
 Iskenderun's Mystic Bla  Conj/Tloc      12%        2d5       50%         4
 Airstrike                Air            4%         2d(1-17)  69%         4
 Animate Dead             Necr           8%         N/A       69%         4
 Dispel Undead            Necr           8%         3d8       69%         4
 Flame Wave               Conj/Fire      8%         2d5       69%         4
 Sticky Flame             Conj/Fire      8%         2d3       69%         4
 Summon Lightning Spire   Summ/Air       8%         N/A       69%         4
 Alistair's Intoxication  Tmut/Pois      9%         N/A       77%         5
 Borgnjor's Vile Clutch   Necr/Erth      7%         N/A       77%         5
 Irradiate                Conj/Tmut      7%         3d14      77%         5
 Agony                    Necr           8%         N/A       96%         5
 Arcjolt                  Conj/Air       4%         1d14      96%         5
 Fireball                 Conj/Fire      4%         3d4       96%         5
 Freezing Cloud           Conj/Ice/Air   4%         6-21      96%         5
 Iskenderun's Battlesphe  Conj           8%         2d6       96%         5
 Lightning Bolt           Conj/Air       4%         1d15      96%         5
 Statue Form              Tmut/Erth      13%        N/A       96%         6
 Dispersal                Tloc           8%         N/A       99%         6
 Conjure Ball Lightning   Conj/Air       4%         3x3d6     100%        6
 Death Channel            Necr           4%         N/A       100%        6
 Eringya's Noxious Bog    Tmut/Pois      7%         N/A       100%        6
 Iron Shot                Conj/Erth      7%         9d2       100%        6
 Simulacrum               Ice/Necr       4%         N/A       100%        6
 Starburst                Conj/Fire      4%         6d3       100%        6
 Dragon Form              Tmut           10%        N/A       100%        7
 Orb of Destruction       Conj           4%         9d5       100%        7
 Ozocubu's Refrigeration  Ice            4%         4d8       100%        7
 Spellforged Servitor     Conj/Summ      4%         N/A       100%        7
 Storm Form               Tmut/Air       7%         N/A       100%        7
 Disjunction              Tloc           8%         N/A       100%        8
 Ignition                 Fire           4%         3d4       100%        8
 Maxwell's Capacitive Co  Air            4%         ∞         100%        8
 Dragon's Call            Summ           4%         N/A       100%        9


Dungeon Overview and Level Annotations

Branches:
Dungeon (15/15)            Temple (1/1) D:5            Lair (5/5) D:10
 Shoals (4/4) Lair:3       Spider (4/4) Lair:2        Slime (0/5) Lair:5
    Orc (2/2) D:12            Elf (3/3) Orc:2        Vaults (5/5) D:13
  Crypt (3/3) Vaults:2       Tomb (0/3) Crypt:3      Depths (4/4) D:15
    Zot (5/5) Depths:4      Sewer (visited)           IceCv (visited)
 WizLab (visited)         Gauntlet (visited)

Altars:
Ashenzari
Cheibriados
Dithmenos
Fedhas
Gozag
Hepliaklqana
Kikubaaqudgha
Makhleb
Nemelex Xobeh
Okawaru
Qazlal
Ru
Sif Muna
Trog
Uskayaw
Vehumet
Wu Jian
Xom
Yredelemnul
Jiyva
Lugonu

Shops:
D:4 ?:?(   D:11 !   Orc:2 ([=*(   Vaults:2 =   Vaults:4 [   Depths:4 (*[(!

Portals:
Hell: Depths:1 Depths:2 Depths:3 Depths:4
Abyss: Depths:1 Depths:3
Pandemonium: Depths:1 Depths:2 Depths:3
Ziggurat: Depths:3
Trove: D:14 (give +2 gold dragon scales)

Annotations:
D:14 3 runed translucent doors, Kirke; asti's ghost, journeyman MiBe
Lair:1 exclusion: 2 oklob plants
Lair:2 3 runed translucent doors, GiantSquids's ghost, adept GrFE
Shoals:3 3 runed translucent doors, demibob's ghost, adept MiBe
Elf:1 3 runed translucent doors, 1 exclusion, Dataggej's ghost, adept MiBe
Elf:2 3 runed translucent doors
Vaults:2 1 runed translucent door, Lobster4's ghost, adept TeAE
Depths:3 2 transporters, xzight's ghost, legendary MiBe
Depths:4 2 runed translucent doors, Cujuar's ghost, adept DrCj
Zot:5 1 runed translucent door, Benajun's ghost, veteran OgBe


Innate Abilities, Weirdness & Mutations

You have a pair of large antennae on your head. (SInv)
You are completely covered in large bone plates. (SH +8)
You are powered by pain.
When hurt, damage is shared between your health and your magic reserves.
You regenerate magic rapidly.
When low on magic, you restore magic in place of health.
Your melee attacks may debilitate your foes.
Your hexes are more powerful.
You are surrounded by an aura of silence.
Your mind is acute. (Int +4, Str/Dex -1)
You are clumsy. (Dex -2)
Your magical capacity is low. (-10% MP)
Your system is resistant to poisons. (rPois)
You are resistant to electric shocks. (rElec)
Your spells are a little easier to cast, but a little less powerful.
Your movements are slightly less encumbered by armour. (ER -2)


Message History

You see here 9 stones.
There is a stone staircase leading up here.
You fly upwards.
There is a stone staircase leading down here.
(D) Dungeon (T) Temple (L) Lair (A) Shoals (N) Spider Nest (M) Slime Pits (O) Orcish Mines (E) Elven Halls (V) Vaults (C) Crypt (W) Tomb (U) Depths (H) Hell (Z) Zot
Where to? (Enter - D:1, ? - help)
Okay, then.
A demonic crawler comes into view.
There is an open door here.
You block the demonic crawler's attack. x2
The demonic crawler completely misses you.
You block the demonic crawler's attack. x2
The demonic crawler hits you but does no damage.
The demonic crawler attacks as you move away!
You block the demonic crawler's attack.
The demonic crawler hits you but does no damage.
You block the demonic crawler's attack.
There is an open door here.
The demonic crawler attacks as you move away!
The demonic crawler completely misses you.
The demonic crawler hits you but does no damage.
You block the demonic crawler's attack.
The demonic crawler attacks as you move away!
The demonic crawler barely misses you.
You block the demonic crawler's attack. x3
The demonic crawler hits you.
The demonic crawler completely misses you.
The demonic crawler attacks as you move away!
The demonic crawler completely misses you.
The demonic crawler closely misses you. You block the demonic crawler's attack.
The demonic crawler attacks as you move away!
You block the demonic crawler's attack. x3
You block the demonic crawler's attack.
The demonic crawler completely misses you. x2
There is a staircase leading out of the dungeon here.
You block the demonic crawler's attack.
The demonic crawler completely misses you. x2
You have escaped!

....########....##########.......
#...# ####..# #.......
#...############.###### #.......
.........##{~~~#'#~~~~## ########
##.......#{~5~~#.#~~~~~#
.).......#{L~~~#.#~~☼~~#
##...)...#~~#~~#.#~~#~~#
##......#~~~~~#s#~~~~~#
##.....#~~{~~#@#~~○~~# ######
###+###~~§~°#.#~~~~~# #..... #.#
#~~~○ #.# ~~~~# #..... #.#
#~~#~○#.#~~#~~# #..... #.###~~
~~#.#~~ ~~# #..... #..###
☼~~#+#~~~ #....(
##...######.##### ######
###..........# ############
##########.###...........


You could see a demonic crawler.

Vanquished Creatures
  5 dread liches
  4 ancient liches
  Khufu (Crypt:1)
  4 orbs of fire
  A juggernaut (Depths:2)
  Vv (Depths:3)
  Parghit (Depths:4)
  Sojobo (Depths:3)
  3 Killer Klowns (Zot:5)
  3 royal mummies
  A caustic shrike (Depths:2)
  6 golden dragons
  Nikola (Shoals:1)
  5 electric golems
  3 doom hounds (Zot:4)
  Zenata (Crypt:1)
  24 tentacled monstrosities
  20 Orb Guardians
  Asterion (Spider:1)
  4 deep elf blademasters (Elf:3)
  2 titans
  Grunn (Zot:4)
  2 liches
  A walking frostbound tome (Depths:2)
  A deep elf master archer (Elf:3)
  2 walking divine tomes (Depths:2)
  4 ancient champions
  4 quicksilver dragons
  8 death cobs
  4 shadow dragons
  A tentacled starspawn (WizLab)
  7 sphinxes
  10 storm dragons
  8 tengu reavers
  6 draconian monks
  4 draconian knights
  Donald (Elf:3)
  7 fire giants
  2 emperor scorpions (Spider:4)
  13 vault wardens
  12 deep elf sorcerers
  3 revenants
  11 frost giants
  Louise (D:14)
  12 ghost moths
  4 deep elf elementalists (Elf:3)
  3 curse skulls
  3 draconian scorchers
  A draconian annihilator (Zot:1)
  A balrug (Depths:4)
  5 orc warlords
  2 spriggan defenders (Depths:2)
  2 war gargoyles
  10 stone giants
  4 draconian shifters
  18 ironbound preservers
  3 demonspawn corrupters (WizLab)
  A broodmother (Spider:3)
  24 very ugly things
  7 ironbound thunderhulks
  A caustic shrike skeleton (Crypt:2)
  A juggernaut skeleton (Crypt:1)
  An eleionoma (shapeshifter) (Vaults:5)
  6 green draconians
  7 vampire knights
  Nessos (D:14)
  6 deep elf demonologists
  7 black draconians
  8 deep elf annihilators
  12 white draconians
  2 minotaurs
  12 purple draconians
  3 yellow draconians (Zot:5)
  18 dire elephants
  9 red draconians
  3 ettins
  9 spark wasps
  2 eidola
  Snorg (Orc:2)
  16 deep elf death magi
  2 merfolk javelineers
  7 jiangshi
  3 great orbs of eyes
  5 entropy weavers
  9 fire dragons
  A merfolk impaler (Shoals:3)
  11 deep elf high priests
  A hydra (shapeshifter) (Vaults:4)
  5 yaktaur captains
  A rakshasa (Depths:2)
  An ice dragon (shapeshifter) (Depths:2)
  6 ice dragons
  8 vault guards
  11 ironbound frosthearts
  5 hydras
  An anaconda (WizLab)
  2 catoblepae
  18 centaur warriors
  3 spriggan air magi
  2 merfolk aquamancers (Shoals:2)
  A merfolk avatar (Shoals:4)
  2 ogre magi
  4 death knights
  2 two-headed ogres
  2 tengu warriors
  9 boulder beetles
  2 spriggan skeletons (Crypt:2)
  6 deep troll shamans
  An alligator snapping turtle (Shoals:3)
  17 dancing weapons
  10 satyrs
  6 death yaks (Lair:1)
  8 vampire magi
  6 deep troll earth magi
  2 orc high priests
  A shock serpent (shapeshifter) (Vaults:5)
  2 soul eaters
  7 spriggan berserkers
  16 deep elf knights
  9 hell knights
  10 pharaoh ants
  5 skysharks
  A storm dragon zombie (Crypt:1)
  A shadow wraith (Crypt:3)
  25 skeletal warriors
  2 sixfirhies
  6 iron trolls
  4 sea snakes
  A ghost moth zombie (Crypt:2)
  9 orb spiders
  2 spriggan druids (WizLab)
  10 deep elf archers
  57 deep trolls
  3 glowing orange brains
  A bunyip skeleton (Crypt:2)
  7 flayed ghosts
  An obsidian statue (Zot:5)
  7 phantasmal warriors
  17 wizards
  3 steelbarb worms
  17 ironbound convokers
  Pikel (D:8)
  An anaconda skeleton (Crypt:1)
  8 lindwurms
  42 ugly things
  7 necromancers
  A shining eye (shapeshifter) (D:11)
  27 deep elf zephyrmancers
  35 harpies
  18 orc knights
  5 orc sorcerers
  16 fauns
  28 deep elf pyromancers
  17 wolf spiders
  19 manticores
  A manticore (shapeshifter) (Elf:3)
  3 cyclopes
  A fire giant zombie (Crypt:3)
  4 worldbinders (WizLab)
  23 moths of wrath
  10 water nymphs
  9 merfolk sirens
  13 elephants
  4 black mambas
  An eye of devastation (shapeshifter) (Vaults:5)
  2 black mambas (shapeshifter)
  15 vault sentinels
  2 ice statues (Spider:3)
  A smoke demon (Depths:2)
  4 torpor snails
  13 cane toads
  An elephant slug zombie (Crypt:3)
  Maggie (D:10)
  An orange demon (Depths:1)
  4 demonic crawlers
  A rime drake (Lair:2)
  A kobold demonologist (D:12)
  13 komodo dragons
  An anaconda simulacrum (IceCv)
  A rime drake (shapeshifter) (Vaults:5)
  An unseen horror (D:11)
  32 yaktaurs
  5 freezing wraiths
  2 tormentors
  A pale draconian skeleton (Crypt:2)
  A red draconian skeleton (Crypt:2)
  A sea snake skeleton (Crypt:1)
  3 tengu conjurers
  An unseen horror skeleton (Crypt:1)
  11 trolls
  3 meliai (Spider:4)
  3 hellwings (Depths:1)
  7 polar bears
  A queen bee (Spider:1)
  14 merfolk
  2 wolf spider simulacra
  27 tarantellas
  15 hornets
  A harpy skeleton (Crypt:2)
  A tarantella zombie (Crypt:1)
  2 ettin zombies
  4 wind drakes
  A radroach zombie (Crypt:1)
  Grinder (D:6)
  7 snapping turtles
  11 blink frogs
  A great orb of eyes zombie (Crypt:3)
  2 dream sheep (Shoals:2)
  15 jumping spiders
  A death drake skeleton (Crypt:1)
  5 flying skulls (Crypt:3)
  A centaur simulacrum (D:15)
  17 culicivoras
  15 spriggans
  9 air elementals
  19 slime creatures
  A vampire (D:13)
  6 wraiths
  A fire dragon skeleton (Crypt:1)
  20 water elementals
  2 dire elephant simulacra (IceCv)
  6 wyverns
  4 hogs (D:14)
  66 yaks
  A yak (shapeshifter) (Elf:2)
  4 basilisks
  2 fire elementals
  A golden eye (WizLab)
  2 humans (shapeshifter)
  46 redbacks
  2 steam dragons (D:7)
  3 vampire mosquitoes (D:11)
  2 chaos spawn (Depths:2)
  A redback (shapeshifter) (Vaults:5)
  A yaktaur simulacrum (Vaults:4)
  7 wargs
  2 acid dragons
  A harpy simulacrum (IceCv)
  22 water moccasins
  A naga skeleton (Crypt:2)
  A deep troll skeleton (Crypt:3)
  28 orc warriors
  A cane toad zombie (Crypt:3)
  A fire bat skeleton (Crypt:2)
  2 ice beasts
  An alligator simulacrum (IceCv)
  2 ettin simulacra (IceCv)
  4 black bears
  11 boggarts
  66 wolves
  5 ogres
  18 centaurs
  2 phantoms
  A lemure (D:8)
  2 human zombies (Vaults:4)
  11 bullfrogs
  A cyclops zombie (Crypt:1)
  7 kobold brigands
  6 scorpions
  A gnoll sergeant (D:9)
  4 wights (D:7)
  A warg skeleton (Crypt:2)
  14 killer bees
  A lindwurm simulacrum (IceCv)
  7 howler monkeys
  4 electric eels
  A crimson imp (D:7)
  A wolf skeleton (Crypt:2)
  4 jellies
  An iron imp (D:7)
  A bullfrog zombie (D:5)
  18 orc priests
  2 hounds (D:6)
  A gnoll bouda (D:8)
  A black bear skeleton (Crypt:3)
  4 iguanas
  Jessica (D:3)
  Terence (D:2)
  An iguana (shapeshifter) (D:14)
  31 orc wizards
  A basilisk skeleton (Crypt:1)
  A hound zombie (D:5)
  A hound skeleton (Crypt:3)
  25 gnolls
  A river rat (Sewer)
  11 adders
  A shadow imp (D:7)
  5 white imps
  6 ufetubi
  16 worms
  3 dart slugs
  79 orcs
  9 endoplasms
  7 giant cockroaches
  7 goblins
  13 hobgoblins
  2 quokkas (D:6)
  8 ball pythons
  5 bats
  An endoplasm zombie (Crypt:1)
  6 frilled lizards
  A giant cockroach zombie (Crypt:2)
  20 kobolds
  An orc zombie (Crypt:2)
  10 rats
  A rat skeleton (Crypt:3)
2147 creatures vanquished.

Vanquished Creatures (collateral kills)
  2 ancient liches
  A Killer Klown (Zot:5)
  2 golden dragons (Zot:2)
  2 bone dragons (Depths:4)
  Jorgrun (D:14)
  A tentacled monstrosity (Vaults:5)
  3 titans (Vaults:5)
  6 Orb Guardians (Zot:5)
  An ancient champion (Crypt:3)
  4 sphinxes
  A shadow dragon (Zot:2)
  A storm dragon (Depths:4)
  3 draconian knights
  4 tengu reavers
  A deep elf sorcerer (Vaults:5)
  Aizul (Spider:1)
  A draconian shifter (Zot:5)
  4 draconian scorchers
  A vault warden (Vaults:5)
  A war gargoyle (Vaults:5)
  2 curse skulls (Crypt:3)
  3 ironbound preservers
  2 draconian stormcallers (Zot:2)
  3 draconian annihilators
  8 black draconians
  3 green draconians
  2 deep elf annihilators
  5 yellow draconians
  2 red draconians (Zot:5)
  3 purple draconians
  3 white draconians
  2 jiangshi (Crypt:3)
  A yaktaur captain (Depths:4)
  A deep elf high priest (Elf:3)
  24 vault guards (Vaults:5)
  A spriggan skeleton (Crypt:3)
  A merfolk aquamancer (Shoals:3)
  A deep elf knight (Elf:3)
  A shadow wraith (Vaults:5)
  4 skeletal warriors (Crypt:3)
  6 deep trolls (Vaults:5)
  An orc knight (Vaults:5)
  3 phantasmal warriors (Vaults:5)
  2 ironbound convokers (Vaults:5)
  A necromancer (Vaults:5)
  A deep elf pyromancer (Elf:2)
  A sphinx zombie (Vaults:5)
  A harpy (Shoals:4)
  A deep elf zephyrmancer (Vaults:5)
  2 manticores (Shoals:4)
  2 worldbinders (WizLab)
  A faun (Shoals:4)
  4 moths of wrath
  3 vault sentinels (Vaults:5)
  A yaktaur zombie (Vaults:5)
  A tarantella (Spider:1)
  3 flying skulls (Crypt:3)
  A culicivora (Spider:1)
  An elf zombie (Vaults:5)
  3 golden eyes (WizLab)
  A redback (Spider:1)
  A floating eye (WizLab)
  3 orc warriors (Vaults:5)
  A boggart (WizLab)
  An orc (Vaults:5)
  A starspawn tentacle (WizLab)
160 creatures vanquished.

Vanquished Creatures (others)
  A Killer Klown (Zot:5)
  An Orb Guardian (Zot:5)
  An ancient champion (Crypt:3)
  A death cob (Zot:5)
  A storm dragon (Zot:2)
  3 draconian knights
  2 vault wardens (Vaults:5)
  2 draconian scorchers
  A draconian shifter (Zot:5)
  A draconian annihilator (Zot:5)
  A curse skull (Crypt:3)
  2 green draconians
  A vampire knight (Depths:4)
  A deep elf annihilator (Elf:3)
  A yellow draconian (Zot:2)
  3 red draconians
  A black draconian (Depths:4)
  3 white draconians
  A purple draconian (Zot:5)
  A deep elf high priest (Vaults:5)
  A deep troll earth mage (Vaults:5)
  A shadow wraith (Crypt:3)
  4 deep trolls
  A deep elf archer (Vaults:5)
  An ironbound convoker (Vaults:3)
  2 deep elf zephyrmancers
  A wizard (Vaults:4)
  A phantasmal warrior (Crypt:3)
  2 smoke demons (Depths:4)
  2 moths of wrath
  Psyche (D:8)
  A flying skull (Crypt:3)
  10 dancing weapons
  A redback (Spider:4)
  2 orc wizards
  2 orcs
  2 bushes
  26 fungi
  77 plants
  3 starspawn tentacles (WizLab)
  16 withered plants (Crypt:3)
186 creatures vanquished.

Grand Total: 2493 creatures vanquished

Notes
Turn   | Place    | Note
-------+----------+-------------------------------------------
     0 | D:1      | bakla the Demonspawn Warper began the quest for the Orb.
     0 | D:1      | Reached XP level 1. HP: 16/16 MP: 3/3
   364 | D:1      | Gained mutation: You have a pair of small antennae on your
                  | head. [demonic ancestry]
   364 | D:1      | Reached XP level 2. HP: 18/22 MP: 5/5
  1225 | D:2      | Reached XP level 3. HP: 26/28 MP: 6/6
  1455 | D:2      | Noticed Terence
  1511 | D:2      | Reached skill level 1 in Stealth
  1735 | D:2      | Found Fotilufo's Magic Scroll Shoppe.
  1758 | D:2      | Gained mutation: You are partially covered in large bone
                  | plates. (SH +4) [demonic ancestry]
  1758 | D:2      | Reached XP level 4. HP: 27/34 MP: 7/7
  2011 | D:2      | Killed Terence
  2387 | D:3      | Gained mutation: You regenerate magic rapidly. [demonic
                  | ancestry]
  2387 | D:3      | Reached XP level 5. HP: 36/41 MP: 8/8
  2474 | D:3      | Noticed Jessica
  2484 | D:3      | Killed Jessica
  2858 | D:3      | Gained mutation: You have a pair of antennae on your head.
                  | [demonic ancestry]
  2858 | D:3      | Reached XP level 6. HP: 43/47 MP: 9/9
  3448 | D:4      | Found Ruilot's Weapon Shoppe.
  3848 | D:2      | Learned a level 2 spell: Blink
  4677 | D:4      | Found Ukhauclo's Magic Scroll Boutique.
  4803 | D:4      | Found Qizarghite's Magic Scroll Shoppe.
  4859 | D:4      | Reached skill level 5 in Short Blades
  5539 | D:4      | Reached XP level 7. HP: 33/54 MP: 10/10
  5753 | D:4      | Found an ancient bone altar of Kikubaaqudgha.
  5821 | D:4      | Found Faof's Book Shop.
  6112 | D:4      | Found a hazy altar of Hepliaklqana.
  6205 | D:5      | Entered Level 5 of the Dungeon
  6347 | D:5      | Found an iron altar of Okawaru.
  6949 | D:4      | Bought a +3 rapier of protection for 239 gold pieces
  7060 | D:6      | Gained mutation: You sometimes gain a little power by
                  | taking damage. [demonic ancestry]
  7060 | D:6      | Reached XP level 8. HP: 61/61 MP: 11/11
  7103 | D:6      | Reached skill level 5 in Fighting
  7121 | D:6      | Found a glowing drain.
  7153 | Sewer    | Entered a sewer
  7961 | D:6      | Reached skill level 5 in Stealth
  7993 | D:6      | Gained mutation: You have a pair of large antennae on your
                  | head. (SInv) [demonic ancestry]
  7993 | D:6      | Reached XP level 9. HP: 28/69 MP: 12/12
  8091 | D:6      | Noticed Grinder
  8110 | D:6      | Killed Grinder
  8527 | D:6      | Found Huuc's Book Emporium.
  8882 | D:7      | Noticed a troll
  8938 | D:7      | Killed a troll
  9053 | D:7      | Found a radiant altar of Vehumet.
  9205 | D:7      | You fall into a shaft and drop 1 floor!
  9208 | D:8      | Noticed a cyclops
  9224 | D:8      | Killed a cyclops
  9253 | D:8      | Identified the +3 mace of Mopt {spect, *Corrode rPois rN+
                  | Dex+3}
  9289 | D:8      | Noticed Psyche
  9304 | D:8      | Killed Psyche
  9305 | D:8      | Reached skill level 10 in Short Blades
  9305 | D:8      | Reached XP level 10. HP: 37/80 MP: 13/13
  9333 | D:8      | Noticed Pikel
  9358 | D:8      | Killed Pikel
  9988 | D:7      | Found a shimmering altar of Xom.
  9988 | D:7      | Found a burning altar of Makhleb.
 10112 | D:7      | Found a snail-covered altar of Cheibriados.
 10251 | D:7      | Found a shimmering blue altar of Sif Muna.
 10490 | D:5      | Found a staircase to the Ecumenical Temple.
 10497 | Temple   | Entered the Ecumenical Temple
 10503 | Temple   | Became a worshipper of Uskayaw the Reveller
 10634 | D:5      | Found a stormy altar of Qazlal.
 10799 | D:5      | Found a basalt altar of Yredelemnul.
 10801 | D:5      | Reached * piety under Uskayaw
 10810 | D:5      | Reached ** piety under Uskayaw
 10947 | D:9      | Reached *** piety under Uskayaw
 11064 | D:9      | Reached skill level 1 in Invocations
 11067 | D:9      | Reached **** piety under Uskayaw
 11237 | D:9      | Found a sacrificial altar of Ru.
 11468 | D:10     | Entered Level 10 of the Dungeon
 11469 | D:10     | Noticed Maggie
 11478 | D:10     | Noticed a two-headed ogre
 11489 | D:10     | Killed Maggie
 11490 | D:10     | Killed a two-headed ogre
 11491 | D:10     | Reached skill level 5 in Dodging
 11595 | D:10     | Gained mutation: When hurt, damage is shared between your
                  | health and your magic reserves. [demonic ancestry]
 11595 | D:10     | Reached XP level 11. HP: 76/87 MP: 14/14
 11598 | D:10     | Reached ***** piety under Uskayaw
 11622 | D:10     | Reached ****** piety under Uskayaw
 11678 | D:10     | Noticed an orc knight
 11721 | D:10     | Killed an orc knight
 11808 | D:10     | Found a staircase to the Lair.
 11845 | D:10     | Reached skill level 5 in Invocations
 12241 | D:11     | Noticed a deep elf pyromancer
 12244 | D:11     | Killed a deep elf pyromancer
 12269 | D:11     | Found Annirr's Distillery.
 12277 | D:11     | Bought 2 potions of mutation for 224 gold pieces
 12745 | D:11     | Identified the +0 pair of boots of the Nice Monkey {Str+6}
 12829 | D:11     | Noticed a two-headed ogre
 12838 | D:11     | Killed a two-headed ogre
 12926 | D:11     | Noticed a boulder beetle
 12926 | D:11     | Noticed a tengu warrior
 12971 | Lair:1   | Entered Level 1 of the Lair of Beasts
 13010 | Lair:1   | Found a gate leading to a gauntlet.
 13095 | Lair:1   | Identified the ring "Medatzof" {+Blink Fly rF+ Str-3
                  | Slay+5}
 13104 | Gauntlet | Entered a Gauntlet
 13104 | Gauntlet | Found a transporter.
 13110 | Gauntlet | Noticed a necromancer
 13112 | Gauntlet | Found a transporter.
 13116 | Gauntlet | Found a transporter.
 13123 | Gauntlet | Found a runed translucent door.
 13126 | Gauntlet | Found a transporter.
 13127 | Gauntlet | Noticed a sixfirhy
 13129 | Gauntlet | Found a transporter.
 13131 | Gauntlet | Noticed a wizard
 13131 | Gauntlet | Noticed a wizard
 13137 | Gauntlet | Found a transporter.
 13141 | Gauntlet | Found a transporter.
 13152 | Gauntlet | Found a transporter.
 13153 | Gauntlet | Found a transporter.
 13157 | Gauntlet | Found a runed translucent door.
 13158 | Gauntlet | Found a runed translucent door.
 13161 | Gauntlet | Found a transporter.
 13191 | Gauntlet | Found a transporter.
 13203 | Gauntlet | Found a transporter.
 13216 | Gauntlet | Found a transporter.
 13229 | Gauntlet | Found a transporter.
 13286 | Gauntlet | Killed a necromancer
 13287 | Gauntlet | Reached skill level 10 in Fighting
 13287 | Gauntlet | Gained mutation: Your hexes are more powerful. [demonic
                  | ancestry]
 13287 | Gauntlet | Reached XP level 12. HP: 84/97 MP: 11/17
 13734 | Gauntlet | Identified the ring "Juorup" {Wiz +Blink}
 13746 | Gauntlet | Noticed a minotaur
 13754 | Gauntlet | Killed a minotaur
 13893 | Gauntlet | Identified the +2 robe of Midwinter {rC+ Regen+ SInv}
 14393 | Lair:1   | Found a blossoming altar of Fedhas.
 14489 | Lair:1   | Noticed a death yak
 14489 | Lair:1   | Noticed a death yak
 14490 | Lair:1   | Noticed a death yak
 14490 | Lair:1   | Noticed a death yak
 14491 | Lair:1   | Noticed a death yak
 14496 | Lair:1   | Noticed a death yak
 14514 | Lair:1   | Killed a death yak
 14514 | Lair:1   | Killed a death yak
 14516 | Lair:1   | Killed a death yak
 14516 | Lair:1   | Killed a death yak
 14528 | Lair:1   | Killed a death yak
 14535 | Lair:1   | Killed a death yak
 14699 | Lair:1   | Noticed a four-headed hydra
 14711 | Lair:1   | Killed a four-headed hydra
 15130 | Lair:2   | Noticed a five-headed hydra
 15167 | Lair:2   | Killed a five-headed hydra
 15342 | Lair:2   | Found a runed translucent gate.
 15344 | Lair:2   | Found a runed translucent gate.
 15355 | Lair:2   | Reached skill level 10 in Invocations
 15355 | Lair:2   | Found a runed translucent gate.
 15356 | Lair:2   | Identified the +1 ring mail "Oshracuf" {rF+ rC+ rCorr}
 15457 | Lair:2   | Noticed a boulder beetle
 15470 | Lair:2   | Found a hole to the Spider Nest.
 15477 | Lair:2   | Reached skill level 1 in Evocations
 15485 | Lair:2   | Killed a boulder beetle
 15486 | Lair:2   | Gained mutation: You sometimes gain power by taking damage.
                  | [demonic ancestry]
 15486 | Lair:2   | Reached XP level 13. HP: 89/103 MP: 2/20
 15771 | Lair:2   | Reached skill level 5 in Evocations
 16014 | Lair:2   | Noticed GiantSquids's ghost (adept GrFE)
 16367 | Lair:2   | Reached skill level 10 in Dodging
 16550 | Lair:3   | Found a staircase to the Shoals.
 16692 | Lair:3   | Got the Tractate on the Luminous Ground
 17439 | Lair:4   | Identified a scroll of acquirement
 17440 | Lair:4   | Acquired a manual of Dodging
 17978 | Lair:4   | Identified the +1 leather armour "Befyfi Xaff" {-Cast -Tele
                  | rC+++ SInv}
 18489 | Lair:5   | Entered Level 5 of the Lair of Beasts
 18516 | Lair:5   | Gained mutation: You are mostly covered in large bone
                  | plates. (SH +6) [demonic ancestry]
 18516 | Lair:5   | Reached XP level 14. HP: 107/110 MP: 16/21
 18845 | Lair:5   | Found a viscous altar of Jiyva.
 18846 | Lair:5   | Found a staircase to the Slime Pits.
 18986 | Lair:5   | Reached skill level 10 in Evocations
 19029 | Lair:5   | Paralysed by a hornet for 2 turns
 19959 | D:4      | Bought a scroll of brand weapon for 123 gold pieces
 20416 | D:12     | Reached skill level 15 in Dodging
 20605 | D:12     | Found a staircase to the Orcish Mines.
 21021 | D:12     | Found a shimmering altar of Xom.
 21149 | Orc:1    | Entered Level 1 of the Orcish Mines
 21341 | D:13     | Found a sacrificial altar of Ru.
 21394 | D:13     | Reached skill level 1 in Armour
 21641 | D:13     | Found a gate to the Vaults.
 22089 | D:14     | Noticed Kirke
 22092 | D:14     | Noticed Louise
 22182 | D:14     | Noticed Nessos
 22194 | D:14     | Killed Nessos
 22195 | D:14     | Reached skill level 5 in Armour
 22291 | D:14     | Noticed Jorgrun
 22303 | D:14     | Killed Jorgrun
 22304 | D:14     | Gained mutation: You are powered by pain. [demonic
                  | ancestry]
 22304 | D:14     | Reached XP level 15. HP: 94/115 MP: 19/22
 22344 | D:14     | Found a broken altar of Ashenzari.
 23081 | Orc:2    | Entered Level 2 of the Orcish Mines
 23081 | Orc:2    | Noticed Snorg
 23110 | Orc:2    | Killed Snorg
 23684 | Orc:2    | Found Liudd's Antique Weapon Boutique.
 23883 | Orc:2    | Found Luaso's Jewellery Shoppe.
 23902 | Orc:2    | Found Cafimu's General Store.
 23990 | Orc:2    | Found Maoha's Antique Armour Shoppe.
 24009 | Orc:2    | Found a staircase to the Elven Halls.
 24096 | Orc:2    | Found Exaezin's Antique Weapon Shoppe.
 24102 | Orc:2    | Bought an ebony rapier for 234 gold pieces
 24102 | Orc:2    | Identified the +0 rapier of bakla's Doom {vamp, Int+2} (You
                  | bought it in a shop on level 2 of the Orcish Mines)
 24474 | D:4      | Bought a manual of Fighting for 960 gold pieces
 24474 | D:4      | Bought Xanwacua's Handbook of the Fairies and the Figure
                  | for 456 gold pieces
 24856 | Orc:2    | Bought a runed cloak for 202 gold pieces
 25007 | D:14     | Noticed asti's ghost (journeyman MiBe)
 25009 | D:14     | Found a runed translucent gate.
 25009 | D:14     | Found a runed translucent gate.
 25010 | D:14     | Found a runed translucent gate.
 25043 | D:14     | Found a portal to a secret trove of treasure.
 25121 | D:14     | Killed Louise
 25502 | D:15     | Entered Level 15 of the Dungeon
 25794 | D:15     | Acquired the +3 pair of mountain boots {steadfast, rC+}
 25794 | D:15     | Found the +3 pair of mountain boots {steadfast, rC+}
 26000 | D:15     | Found a staircase to the Depths.
 26000 | D:15     | Noticed a fire giant
 26334 | D:15     | Reached skill level 1 in Hexes
 26725 | Spider:1 | Entered Level 1 of the Spider Nest
 26860 | Spider:1 | Noticed Aizul
 26872 | Spider:1 | Killed Aizul
 26963 | Spider:1 | Noticed Asterion
 26977 | Spider:1 | Learned a level 3 spell: Tukima's Dance
 27657 | Spider:1 | Killed Asterion
 28303 | Spider:2 | Reached XP level 16. HP: 129/129 MP: 23/23
 28766 | Spider:2 | Reached skill level 10 in Armour
 28961 | Spider:3 | Found a frozen archway.
 29159 | IceCv    | Entered an ice cave
 29170 | IceCv    | Found a transporter.
 29236 | IceCv    | Found a transporter.
 29338 | Spider:3 | Reached skill level 5 in Spellcasting
 29338 | Spider:3 | Reached skill level 5 in Hexes
 29695 | Spider:3 | Reached skill level 1 in Shields
 30799 | Spider:4 | Entered Level 4 of the Spider Nest
 30905 | Spider:4 | Learned a level 4 spell: Cause Fear
 31439 | Spider:4 | Reached skill level 15 in Fighting
 31883 | Spider:4 | Reached skill level 5 in Shields
 32135 | Spider:4 | Gained mutation: Your melee attacks may debilitate your
                  | foes. [demonic ancestry]
 32135 | Spider:4 | Reached XP level 17. HP: 81/142 MP: 11/24
 32648 | Spider:4 | Reached skill level 10 in Hexes
 32648 | Spider:4 | Reached XP level 18. HP: 149/149 MP: 25/25
 32649 | Spider:4 | Gained mutation: When low on magic, you restore magic in
                  | place of health. [demonic ancestry]
 32649 | Spider:4 | Reached XP level 19. HP: 155/155 MP: 26/26
 32660 | Spider:4 | Got a gossamer rune of Zot
 32958 | Lair:2   | Learned a level 8 spell: Discord
 32985 | Shoals:1 | Entered Level 1 of the Shoals
 33301 | Shoals:1 | Noticed Nikola
 33905 | Shoals:2 | You are sucked into a shaft and drop 1 floor!
 34101 | Shoals:3 | Identified the +10 longbow of the Sharing Ass {heavy, rN+
                  | Str+2}
 34717 | Shoals:1 | Killed Nikola
 35526 | Shoals:3 | Found a runed translucent gate.
 35526 | Shoals:3 | Found a runed translucent gate.
 35527 | Shoals:3 | Found a runed translucent gate.
 35555 | Shoals:3 | Noticed demibob's ghost (adept MiBe)
 35841 | Shoals:4 | Entered Level 4 of the Shoals
 36475 | Shoals:4 | Got a barnacled rune of Zot
 36549 | Shoals:4 | Identified the ring of Suicidal Tendencies {Fly rC+ Dex+2}
 36923 | Shoals:4 | Identified the +0 pair of gloves of the Shifting Gods
                  | {Contam rC+++ Regen+ rCorr}
 37765 | Elf:1    | Entered Level 1 of the Elven Halls
 37790 | Orc:2    | Paralysed by an air elemental for 1 turns
 37967 | Elf:1    | Gained mutation: You are completely covered in large bone
                  | plates. (SH +8) [demonic ancestry]
 37967 | Elf:1    | Reached XP level 20. HP: 159/163 MP: 29/29
 38074 | Elf:1    | Paralysed by an air elemental for 1 turns
 38152 | Elf:1    | Paralysed by an air elemental for 1 turns
 38537 | Elf:1    | Found a runed translucent gate.
 38539 | Elf:1    | Found a runed translucent gate.
 38540 | Elf:1    | Found a runed translucent gate.
 38540 | Elf:1    | Noticed Dataggej's ghost (adept MiBe)
 38542 | Elf:1    | Found a viscous altar of Jiyva.
 39335 | Elf:2    | Identified the +8 shortbow "Pociakieda" {heavy, rN+ MP+9}
 39406 | Elf:2    | Paralysed by an orc sorcerer for 3 turns
 39536 | Elf:2    | Identified the +5 falchion "Hasok" {heavy, rPois rF- Will+}
 39718 | Elf:2    | Reached skill level 15 in Hexes
 39879 | Elf:2    | Found a runed translucent gate.
 39880 | Elf:2    | Found a runed translucent gate.
 39881 | Elf:2    | Found a runed translucent gate.
 40145 | Elf:3    | Entered Level 3 of the Elven Halls
 40230 | Elf:3    | Paralysed by an air elemental for 1 turns
 40948 | Elf:3    | Identified the ring of Guikidgh {rElec rPois rCorr MP-9
                  | Slay+4}
 40983 | Elf:3    | Reached skill level 15 in Invocations
 41447 | Elf:3    | Identified the +5 short sword of True Grit {heavy, *Slow
                  | rPois Str+3}
 41677 | Elf:3    | Noticed Donald
 42212 | Elf:3    | Identified the +5 flail "Udummede" {freeze, rPois Dex-4
                  | SInv}
 42344 | Elf:3    | Reached XP level 21. HP: 167/169 MP: 21/32
 42572 | Elf:3    | Learned a level 2 spell: Passwall
 42607 | Elf:3    | Identified the +1 chain mail "Ixicopt" {Rampage +Inv rPois
                  | Int+4}
 42621 | Elf:3    | Identified the +4 ring mail of Brilliance {Will+ Str+4}
 42903 | Vaults:1 | Entered Level 1 of the Vaults
 42921 | Vaults:1 | Paralysed by a sphinx for 5 turns
 43345 | Elf:3    | Killed Donald
 43684 | Vaults:1 | Noticed a golden dragon
 43715 | Vaults:1 | Reached skill level 1 in Transmutations
 43715 | Vaults:1 | Reached skill level 1 in Earth Magic
 45593 | Vaults:2 | Found Hoytof's Jewellery Shoppe.
 46492 | Vaults:2 | Found a runed translucent door.
 46494 | Vaults:2 | Noticed Lobster4's ghost (adept TeAE)
 46626 | Vaults:2 | Found a staircase to the Crypt.
 47357 | Vaults:3 | Reached XP level 22. HP: 142/176 MP: 21/33
 48170 | Vaults:3 | Identified the ring of Pugaf {Str+6 Int+4 Dex-3 Stlth+}
 48637 | Vaults:4 | Found a magical portal.
 48642 | WizLab   | Entered Alistair's Party Mansion
 49158 | WizLab   | Noticed a golden dragon
 49160 | WizLab   | Noticed a golden dragon
 49408 | WizLab   | Acquired 719 gold pieces
 49415 | WizLab   | Got Susaucoo's Incunable of Changes and Glamour
 49424 | WizLab   | Acquired a manual of Dodging
 49684 | Vaults:4 | Identified the +0 arbalest of Viph {penet, Contam rElec
                  | Dex-4 Stlth+}
 49831 | Vaults:4 | Found Gutor's Antique Armour Emporium.
 49835 | Vaults:4 | Bought a pair of embroidered boots for 345 gold pieces
 49837 | Vaults:4 | Bought a polished ring mail for 414 gold pieces
 49837 | Vaults:4 | Identified the +5 ring mail of the Pit {rPois rC+ Str+2
                  | Dex+2} (You bought it in a shop on level 4 of the Vaults)
 51340 | Depths:1 | Entered Level 1 of the Depths
 51544 | Depths:1 | Found a one-way gate to the infinite horrors of the Abyss.
 51736 | Depths:1 | Found a gateway to Hell.
 51960 | Depths:1 | Reached XP level 23. HP: 159/182 MP: 22/34
 52004 | Depths:1 | Found a one-way gate leading to the halls of Pandemonium.
 52300 | Depths:1 | Found an ornate altar of the Wu Jian Council.
 52481 | Depths:2 | Acquired a +4 quick blade of draining
 52741 | Depths:2 | Noticed a juggernaut
 52749 | Depths:2 | Killed a juggernaut
 53297 | Depths:2 | Noticed a caustic shrike
 53304 | Depths:2 | Killed a caustic shrike
 53552 | Depths:2 | Identified the +0 buckler of Qazlal's Anger {SInv}
 53557 | Depths:2 | Identified the +2 arbalest of Satomis {freeze, rPois Str+4
                  | SInv}
 54881 | Depths:3 | Found a one-way gateway to a ziggurat.
 55043 | Depths:3 | Found a corrupted altar of Lugonu.
 55135 | Depths:3 | Noticed Sojobo
 55152 | Depths:3 | Paralysed by an air elemental for 1 turns
 55157 | Depths:3 | Killed Sojobo
 55262 | Depths:3 | Noticed Vv
 55516 | Depths:3 | Killed Vv
 55543 | Depths:3 | Found a bloodstained altar of Trog.
 55543 | Depths:3 | Noticed xzight's ghost (legendary MiBe)
 55549 | Depths:3 | Noticed a juggernaut
 55554 | Depths:3 | Noticed a juggernaut
 55560 | Depths:3 | Found a transporter.
 55568 | Depths:3 | Found a transporter.
 55746 | Depths:4 | Entered Level 4 of the Depths
 55766 | Depths:4 | Noticed Parghit
 55783 | Depths:4 | Killed Parghit
 55819 | Depths:4 | Found Hiun's Antique Armour Emporium.
 55839 | Depths:4 | Bought a bronze ring mail for 252 gold pieces
 55839 | Depths:4 | Identified the +3 ring mail of the Blessed Realm {Fly rN+}
                  | (You bought it in a shop on level 4 of the Depths)
 55850 | Depths:4 | Found Vaarghof's Weapon Emporium.
 56071 | Depths:4 | Found Ipnugy Efy's Distillery.
 56148 | Depths:4 | Bought a potion of heal wounds for 85 gold pieces
 56148 | Depths:4 | Bought a potion of resistance for 170 gold pieces
 56148 | Depths:4 | Bought a potion of cancellation for 136 gold pieces
 56148 | Depths:4 | Bought a potion of heal wounds for 85 gold pieces
 56148 | Depths:4 | Bought a potion of heal wounds for 85 gold pieces
 56273 | Depths:4 | Found a runed translucent door.
 56296 | Depths:4 | Noticed an ancient lich
 56299 | Depths:4 | Noticed Cujuar's ghost (adept DrCj)
 56302 | Depths:4 | Found a runed translucent door.
 56514 | Depths:4 | Gained mutation: You are surrounded by an aura of silence.
                  | [demonic ancestry]
 56514 | Depths:4 | Reached XP level 24. HP: 162/189 MP: 22/36
 56538 | Depths:4 | Found a gate to the Realm of Zot.
 56544 | Depths:4 | Reached skill level 10 in Spellcasting
 56745 | Depths:4 | Found Ircha's Antique Weapon Emporium.
 56752 | Depths:4 | Bought a fine dagger for 182 gold pieces
 56752 | Depths:4 | Identified the +7 dagger of Shame {freeze, rPois Dex+4
                  | Stlth-} (You bought it in a shop on level 4 of the Depths)
 56948 | Depths:4 | Found Ynasumot's General Store.
 56964 | Depths:4 | Bought a potion of cancellation for 104 gold pieces
 56964 | Depths:4 | Bought a potion of heal wounds for 65 gold pieces
 56964 | Depths:4 | Bought a potion of cancellation for 104 gold pieces
 57306 | Vaults:5 | Entered Level 5 of the Vaults
 57312 | Vaults:5 | Paralysed by a sphinx for 3 turns
 57925 | Vaults:5 | Killed an ancient lich
 58168 | Crypt:1  | Entered Level 1 of the Crypt
 58347 | Vaults:2 | Bought the macabre finger necklace {Finger+ rN+} for 680
                  | gold pieces
 58347 | Vaults:2 | Found the macabre finger necklace {Finger+ rN+}
 58738 | Crypt:1  | Noticed Zenata
 58761 | Crypt:1  | Killed Zenata
 59314 | Crypt:2  | Noticed a royal mummy
 59327 | Crypt:2  | Noticed Khufu
 59328 | Crypt:2  | Noticed a royal mummy
 59338 | Crypt:2  | Killed a royal mummy
 59338 | Crypt:2  | Noticed a royal mummy
 59375 | Crypt:1  | Killed Khufu
 59761 | Crypt:1  | Killed a royal mummy
 59884 | Crypt:2  | Killed a royal mummy
 60775 | Crypt:3  | Entered Level 3 of the Crypt
 60845 | Crypt:3  | Learned a level 5 spell: Yara's Violent Unravelling
 60967 | Crypt:3  | Found the +13 scythe of Curses {drain, curses, Drain}
 61428 | Crypt:3  | Reached XP level 25. HP: 202/202 MP: 29/38
 61985 | Crypt:3  | Found a staircase to the Tomb.
 62028 | Crypt:3  | Noticed a dread lich
 62028 | Crypt:3  | Noticed a dread lich
 62196 | Crypt:3  | Noticed an ancient lich
 62196 | Crypt:3  | Noticed a dread lich
 62276 | Crypt:3  | Killed a dread lich
 62278 | Crypt:3  | Killed a dread lich
 62282 | Crypt:3  | Killed a dread lich
 62284 | Crypt:3  | Killed an ancient lich
 62330 | Crypt:3  | Identified the ring of the Hart {Fly rC- rN+ Dex+3 Slay+3}
 62330 | Crypt:3  | Identified the ring of Nebelul {rC+ rN+ Will- MP+9 Dex+5}
 62706 | Vaults:5 | Identified the amulet "Daepaph" {Spirit *Slow rPois SInv}
                  | (You took it off an ironbound convoker on level 5 of the
                  | Vaults)
 64266 | Vaults:5 | Identified the +3 mace of the Brewing Blowfly {flame, Fly
                  | Stlth+}
 64402 | Vaults:5 | Got a silver rune of Zot
 64631 | Vaults:5 | Identified the +1 scale mail of Cenus {Str+9}
 64633 | Vaults:5 | Got the Papyrus of Sculpting and Vapour
 64639 | Vaults:5 | Identified the +3 short sword "Nyhohono" {flame, +Blink rC+
                  | Dex-4}
 65259 | Zot:1    | Entered Level 1 of the Realm of Zot
 66718 | Zot:2    | Reached XP level 26. HP: 194/212 MP: 24/38
 67035 | Zot:2    | Noticed an orb of fire
 67095 | Zot:2    | Gained mutation: You sometimes lose your temper in combat.
                  | [an orb of fire]
 67249 | Zot:2    | Gained mutation: Your body sometimes deteriorates upon
                  | taking damage. [an orb of fire]
 67879 | Zot:2    | Gained mutation: You are clumsy. (Dex -2) [an orb of fire]
 67905 | Zot:1    | Killed an orb of fire
 68080 | Zot:1    | Lost mutation: You sometimes lose your temper in combat.
                  | [potion of mutation]
 68080 | Zot:1    | Lost mutation: You are clumsy. (Dex -2) [potion of
                  | mutation]
 68080 | Zot:1    | Lost mutation: Your body sometimes deteriorates upon taking
                  | damage. [potion of mutation]
 68080 | Zot:1    | Gained mutation: You are dopey. (Int -2) [potion of
                  | mutation]
 68080 | Zot:1    | Gained mutation: Your spells are a little harder to cast,
                  | but a little more powerful. [potion of mutation]
 68179 | Zot:2    | Identified the +2 robe of Notoamp {Harm +Inv rPois Will++}
 69522 | Zot:4    | Lost mutation: Your spells are a little harder to cast, but
                  | a little more powerful. [potion of mutation]
 69522 | Zot:4    | Lost mutation: You are dopey. (Int -2) [potion of mutation]
 69522 | Zot:4    | Gained mutation: Your movements are slightly less
                  | encumbered by armour. (ER -2) [potion of mutation]
 69522 | Zot:4    | Gained mutation: Your mind is acute. (Int +4, Str/Dex -1)
                  | [potion of mutation]
 69976 | Zot:4    | Noticed Grunn
 69992 | Zot:4    | Killed Grunn
 70008 | Zot:4    | Reached skill level 15 in Armour
 70188 | Zot:5    | Entered Level 5 of the Realm of Zot
 70534 | Zot:5    | Found a runed translucent door.
 70634 | Zot:5    | Found a shimmering altar of Xom.
 70634 | Zot:5    | Noticed Benajun's ghost (veteran OgBe)
 71049 | Zot:5    | Noticed a dread lich
 71342 | Zot:5    | Killed a dread lich
 71422 | Zot:5    | Noticed an orb of fire
 71424 | Zot:5    | Gained mutation: Your spells are a little easier to cast,
                  | but a little less powerful. [an orb of fire]
 71434 | Zot:5    | Noticed an ancient lich
 71437 | Zot:5    | Gained mutation: Your magical capacity is low. (-10% MP)
                  | [an orb of fire]
 71439 | Zot:5    | Killed an orb of fire
 71440 | Zot:5    | Noticed an orb of fire
 71440 | Zot:5    | Noticed an orb of fire
 71451 | Zot:5    | Killed an orb of fire
 71451 | Zot:5    | Noticed an ancient lich
 71451 | Zot:5    | Gained mutation: Your body sometimes deteriorates upon
                  | taking damage. [an orb of fire]
 71457 | Zot:5    | Noticed an ancient lich
 71464 | Zot:5    | Gained mutation: Your system is resistant to poisons.
                  | (rPois) [an orb of fire]
 71467 | Zot:5    | Noticed an ancient lich
 71477 | Zot:5    | Gained mutation: You have hidden genetic defects. [an orb
                  | of fire]
 71479 | Zot:5    | Gained mutation: You are clumsy. (Dex -2) [an orb of fire]
 71482 | Zot:5    | Killed an orb of fire
 71483 | Zot:5    | Reached XP level 27. HP: 211/227 MP: 20/34
 71485 | Zot:5    | Killed an ancient lich
 71489 | Zot:5    | Killed an ancient lich
 71492 | Zot:5    | Noticed a dread lich
 71517 | Zot:5    | Killed an ancient lich
 71518 | Zot:5    | Killed a dread lich
 71527 | Zot:5    | Killed an ancient lich
 71564 | Zot:5    | Gained mutation: You are vulnerable to heat. (rF-) [hidden
                  | defects]
 71565 | Zot:5    | Lost mutation: Your body sometimes deteriorates upon taking
                  | damage. [potion of mutation]
 71565 | Zot:5    | Lost mutation: You are vulnerable to heat. (rF-) [potion of
                  | mutation]
 71565 | Zot:5    | Lost mutation: You are clumsy. (Dex -2) [potion of
                  | mutation]
 71565 | Zot:5    | Lost mutation: You have hidden genetic defects. [potion of
                  | mutation]
 71565 | Zot:5    | Gained mutation: You are clumsy. (Dex -2) [potion of
                  | mutation]
 71565 | Zot:5    | Gained mutation: You are resistant to electric shocks.
                  | (rElec) [potion of mutation]
 71859 | Zot:5    | Got the Orb of Zot
 72437 | D:$      | Escaped with the Orb!

Illustrated notes

Levels and vault maps discovered:
D:1:      saegor_arrival_miasma, layout_basic
D:2:      layout_basic, serial_shops, nicolae_shop_hallway_stairs, uniq_terence
D:3:      layout_basic, grunt_ministairs_11, uniq_jessica
D:4:      layout_basic, kiku_gazebo_pond_becter, mainiacjoe_overflow_alcove_4,
          serial_shops, nicolae_shop_waterfront, shop, shop, shop,
          kennysheep_small_square
D:5:      layout_loops_corners, grunt_qazlal_sundering,
          okawaru_altar_gauntlet_db, lemuel_zombie_altar_yredelemnul,
          minmay_temple_entry_junction
D:6:      layout_basic, mainiacjoe_overflow_boulevard, gup_sewer_entry_bubbles,
          serial_shops, nicolae_shop_waterfront, kennysheep_generic_room_8,
          uniq_grinder
D:7:      layout_loops_ring, grunt_temple_overflow_champion_of_chaos,
          slow_altar_2, vehumet_altar_wand_db, led_sif_pool, dk_vineyard_3
D:8:      layout_rooms, uniq_pikel, uniq_psyche
D:9:      layout_rooms, overflow_temple_1_default, minmay_misc_feat_tower,
          minivault_4
D:10:     minmay_bloctagon_deflated, layout_cave_pools, minmay_lair_entry_grove,
          serial_glass, glass_columns_c, glass_columns_a, uniq_maggie
D:11:     minmay_shrinking_squares, layout_stronghold, serial_shops, shop
D:12:     layout_basic, david_orc_2, tgw_xom
D:13:     minmay_evil_eye, layout_basic, david_vaults_1,
          nicolae_ru_path_of_blood
D:14:     layout_loops_ring, gammafunk_ghost_hydra_chop,
          minmay_misc_feat_pillars, enter_trove_3, nicolae_ashenzari_panopticon,
          uniq_nessos, uniq_louise, uniq_jorgrun, uniq_kirke
D:15:     grunt_enter_depths_giant_problem, layout_long_grid, chequers_arboretum
Temple:   hellmonk_temple_rainy
Lair:1:   layout_layer_cave, gauntlet_entry_generic, hangedman_tree_tricks,
          nicolae_lair_grazing_beasts [nicolae_sub_lair_graze_edge,
          nicolae_sub_lair_graze_edge, nicolae_sub_lair_graze_edge,
          nicolae_sub_lair_graze_edge]
Lair:2:   layout_cave_pods, nicolae_spider_entry_non_spiders,
          gammafunk_ghost_necromancy, grunt_forest_large_clearings,
          infiniplex_staircase_pool_2, lemuel_fruit_tree
Lair:3:   layout_loops_ring, minmay_shoals_entry_centaurs
Lair:4:   layout_layer_cave
Lair:5:   minmay_lair_end_enchanted_forest, layout_misc_corridors,
          nicolae_slime_entry_slimehenge
Shoals:1: layout_shoals, uniq_nikola
Shoals:2: layout_shoals
Shoals:3: layout_shoals, gammafunk_ghost_tricky_traps,
          nicolae_shoals_nymph_descending_staircase
Shoals:4: shoals_end_hellmonk_lost_city
Spider:1: layout_spider_delve, hive_lemuel, uniq_asterion, uniq_aizul
Spider:2: layout_spider_delve, hangedman_spider_tarantella_strand,
          nicolae_spider_cling_halls
Spider:3: layout_spider_delve, portal_ice_cave_entry_ice_statue_two
Spider:4: spider_rune_water
Orc:1:    layout_caves, hellmonk_bongcloud_opening, mines5_lemuel
Orc:2:    grunt_orc_cross, layout_diamond_mine, serial_shops, shop, uniq_snorg
Elf:1:    elf_arrival_002, layout_geoelf_octagon, gammafunk_ghost_ooze,
          minivault_28, hangedman_elf_power_crystal
Elf:2:    nicolae_elf_blades_splatter_lattice
          [nicolae_blade_entry_diamond_columns], layout_loops_cross,
          hangedman_elf_disciples
Elf:3:    minmay_elf_hall_hex, layout_loops_ring, minivault_19,
          nicolae_elf_martial_mastery, uniq_donald
Vaults:1: v_pattern_4, ontoclasm_vaults_ligature, nicolae_vaults_display_case,
          v_misc_22, nicolae_vaults_little_squares_1, nicolae_vaults_rhombus_5,
          nicolae_vaults_specimen_jars, v_misc_28, grunt_vaults_twisty,
          nicolae_vaults_little_ls, layout_vaults_quadrants
Vaults:2: ebering_ghost_reflecting_pool, nicolae_vaults_stairing_the_circle,
          grunt_vaults_trifunnel, v_misc_27, minmay_crypt_entry_nasty_monster,
          ontoclasm_vaults_pinch, v_rooms_3, nicolae_vaults_network_periphery,
          hangedman_vaults_nodes, grunt_vaults_bifocal,
          nicolae_vaults_rhombus_5, serial_ice_h,
          hangedman_vaults_corner_blocks, layout_vaults_maze, serial_shops,
          nicolae_shop_window_shopping
Vaults:3: vaults_standard_mumra_x, nicolae_vaults_meeting, vaults_room_grid,
          nicolae_vaults_three_branches, grunt_vaults_hallway_long,
          hangedman_vaults_capsules, v_misc_24, hangedman_vaults_restitches,
          hangedman_vaults_locks, v_misc_29, vaults_dpeg_diagonal,
          nicolae_vaults_diagonal_hallway_6, nicolae_vaults_theta,
          layout_vaults_big_cross
Vaults:4: infiniplex_enter_wizlab_spiral, nicolae_vaults_triangles,
          vaults_dpeg_cross, nicolae_vaults_network_barrier, v_misc_3,
          v_alt_pattern_3, nicolae_vaults_inception_scallops, st_more_cells,
          v_misc_18, nicolae_vaults_network_square, v_misc_10,
          layout_vaults_omnibox, serial_shops, shop
Vaults:5: serial_shops
Crypt:1:  layout_chaotic_city, moated_statue, small_chamber_with_monster,
          uniq_zenata, uniq_margery
Crypt:2:  layout_basic, grunt_ministairs_9, minivault_27, minivault_14,
          st_stairs_12, minmay_misc_feat_ornament, uniq_khufu
Crypt:3:  david_glass_crypt, layout_gridlike, tomb_entry_forgotten_bobbens
Depths:1: layout_cave_shapes, rand_demon_pan_entry_3, hangedman_coc_ice_floe,
          abyss_entry, nicolae_wu_jian_immortal_techniques, serial_glass,
          glass_columns_a, glass_columns_a, nrook_mini_backslash,
          minmay_misc_feat_more_columns
Depths:2: little_maze_vault, layout_cave_shapes, nicolae_tso_carved_into_rock,
          rand_demon_pan_entry_7, hell_entry
Depths:3: nicolae_cairo_tiling_very_big, layout_cave_shapes, enter_ziggurat_e,
          pan_entry, hell_entry, abyss_entry_flame_altar, columned_hall_lemuel,
          gammafunk_ghost_wrathful_warriors, uniq_sojobo, uniq_vv
Depths:4: grunt_zot_entry_bicorn, layout_gridlike, lightli_too_deep,
          muffindrake_ghost_dual_entry, serial_shops, shop,
          nicolae_lakefront_shop, shop, shop, nicolae_inconvenience_store,
          uniq_parghit
Zot:1:    layout_gridville
Zot:2:    layout_onion_interference
Zot:3:    layout_gridlike
Zot:4:    nicolae_moth_party, layout_misc_corridors, uniq_grunn
Zot:5:    layout_basic, ebering_ghost_xom, skrybe_zot_glass_2

Skill      XL: |  1  2  3  4  5  6  7  8  9 10 11 12 13 14 15 16 17 18 19 20 21 22 23 24 25 26 27 |
---------------+----------------------------------------------------------------------------------+-----
Short Blades   | 2 3 4 5 6 8 10 11 12 14 | 14.0
Stealth        | 1 2 3 4 5 |  5.0
Fighting       | 3 4 6 7 8 10 12 15 17 19 20 21 | 21.9
Dodging        | 3 5 6 8 11 15 17 18 19 20 22 | 22.3
Invocations    | 3 7 10 12 15 19 22 23 | 23.1
Evocations     | 1 9 10 | 10.0
Armour         | 5 9 10 16 17 | 17.3
Hexes          | 3 9 10 11 14 16 17 21 23 | 23.0
Spellcasting   | 3 5 7 9 11 | 11.0
Shields        | 5 |  5.0
Transmutations | 4 |  4.0
Earth Magic    | 4 |  4.0
Throwing       | |  0.8
Translocations | |  2.6

Action                     |  1- 3 |  4- 6 |  7- 9 | 10-12 | 13-15 | 16-18 | 19-21 | 22-24 | 25-27 || total
---------------------------+-------+-------+-------+-------+-------+-------+-------+-------+-------++-------
  Melee: Short sword       |   154 |   309 |   156 |       |       |       |       |       |       ||   619
         Punch             |     4 |     1 |     4 |    11 |    14 |       |       |       |       ||    34
         Rapier            |       |       |   329 |   609 |  1340 |   589 |  2027 |  2055 |  1309 ||  8258
  Throw: Boomerang         |     3 |       |       |       |       |       |       |       |       ||     3
         Dart              |       |    21 |    10 |    10 |     9 |       |     3 |     3 |       ||    56
         Throwing net      |       |     1 |       |       |     4 |       |     1 |     3 |       ||     9
   Cast: Tukima's Dance    |       |       |       |       |       |       |    41 |       |     1 ||    42
         Cause Fear        |       |       |       |       |       |       |    13 |       |       ||    13
         Discord           |       |       |       |       |       |       |       |    19 |    43 ||    62
         Passwall          |       |       |       |       |       |       |       |     1 |       ||     1
         Yara's Violent Un |       |       |       |       |       |       |       |     1 |    11 ||    12
 Invoke: Stomp             |       |       |       |    17 |    26 |    13 |    15 |    22 |     8 ||   101
         Line Pass         |       |       |       |     2 |     4 |     2 |    19 |     6 |    13 ||    46
         Grand Finale      |       |       |       |       |     1 |       |     3 |     2 |     4 ||    10
Ability: Evoke Blink       |       |       |       |       |       |       |       |     1 |       ||     1
  Evoke: Wand              |       |       |    12 |    14 |     8 |     7 |     3 |    20 |     6 ||    70
         Lightning rod     |       |       |       |     4 |     4 |     4 |     9 |    10 |     7 ||    38
         Phantom mirror    |       |       |       |       |     2 |       |     4 |     3 |     3 ||    12
         Phial of floods   |       |       |       |       |     2 |       |     5 |     1 |       ||     8
         Box of beasts     |       |       |       |       |     1 |       |     3 |     3 |     2 ||     9
         Condenser vane    |       |       |       |       |       |       |       |     2 |     2 ||     4
    Use: Scroll            |     2 |     6 |     6 |     9 |    11 |     5 |    16 |    15 |    10 ||    80
         Potion            |       |     3 |     5 |     4 |     4 |     6 |     9 |     9 |    16 ||    56
   Stab: Sleeping          |     2 |     6 |     1 |    12 |    18 |    17 |    12 |    19 |     6 ||    93
         Distracted        |       |       |     2 |     1 |     3 |     2 |     8 |     5 |     4 ||    25
         Invisible         |       |       |       |    13 |     1 |       |     1 |       |       ||    15
         Paralysed         |       |       |       |    28 |   113 |    43 |   124 |   134 |    77 ||   519
         Held in net/web   |       |       |       |       |     1 |       |     2 |     5 |       ||     8
         Confused          |       |       |       |       |     2 |     1 |    12 |     4 |    14 ||    33
 Armour: Leather armour    |    38 |    84 |   121 |       |       |       |     9 |   123 |       ||   375
         Troll leather arm |       |       |    44 |   168 |   208 |    68 |    49 |       |       ||   537
         Skin              |       |       |     1 |       |       |       |       |       |       ||     1
         Robe              |       |       |       |       |     3 |       |    17 |       |       ||    20
         Ring mail         |       |       |       |       |       |       |    88 |    93 |   239 ||   420
  Dodge: Dodged            |    67 |   100 |   187 |   350 |  1004 |   432 |   791 |   948 |   916 ||  4795
  Block: Other             |       |    20 |    56 |    74 |   243 |       |       |       |       ||   393
         Buckler           |       |       |       |       |    78 |   285 |  1199 |  1056 |   842 ||  3460
         Reflection        |       |       |       |       |       |       |   108 |    14 |    13 ||   135

Table legend: (Time is in decaauts)
 A = Elapsed time spent in this place.
 B = Non-inter-level travel time spent in this place.
 C = Inter-level travel time spent in this place.
 D = Time resting spent in this place.
 E = Time spent auto-exploring this place.
 F = Levels seen in this place.
 G = Mean time per level.
                   A        B        C        D        E       F      G
               +--------+--------+--------+--------+--------+-----+--------+
         Total |  68872 |  61429 |   7443 |  10937 |  30709 |  55 | 1252.2 |
       Dungeon |  18058 |  15493 |   2565 |   2244 |   8874 |  15 | 1203.9 |
        Temple |     12 |     12 |      0 |      0 |      0 |   1 |   12.0 |
          Lair |   5986 |   5495 |    491 |    340 |   3703 |   5 | 1197.2 |
        Shoals |   4324 |   4127 |    197 |    634 |   2079 |   4 | 1081.0 |
   Spider Nest |   5771 |   5417 |    354 |   1118 |   2378 |   4 | 1442.8 |
  Orcish Mines |   2030 |   1568 |    462 |    216 |    923 |   2 | 1015.0 |
   Elven Halls |   5046 |   4482 |    564 |    819 |   1818 |   3 | 1682.0 |
        Vaults |   9558 |   7975 |   1583 |   1306 |   4194 |   5 | 1911.6 |
         Crypt |   3716 |   3553 |    163 |    820 |   1548 |   3 | 1238.7 |
        Depths |   5656 |   5122 |    534 |    457 |   3175 |   4 | 1414.0 |
           Zot |   6309 |   5782 |    527 |   2143 |   1653 |   5 | 1261.8 |
         Sewer |    629 |    629 |      0 |      0 |    118 |   1 |  629.0 |
      Ice Cave |     98 |     98 |      0 |     50 |      0 |   1 |   98.0 |
        Wizlab |    912 |    912 |      0 |    322 |    117 |   1 |  912.0 |
      Gauntlet |    760 |    760 |      0 |    467 |    128 |   1 |  760.0 |
               +--------+--------+--------+--------+--------+-----+--------+

Top non-repeatable levels by time:
Vaults:4: 3158 daAuts
   Zot:1: 2608 daAuts
   Elf:3: 2387 daAuts
Depths:2: 2304 daAuts
     D:3: 2028 daAuts
Vaults:1: 1920 daAuts
Spider:3: 1863 daAuts
Spider:4: 1859 daAuts
     D:4: 1763 daAuts
Vaults:2: 1758 daAuts
     D:2: 1607 daAuts
 Crypt:3: 1519 daAuts
  Lair:2: 1488 daAuts
     D:6: 1481 daAuts
  Lair:1: 1470 daAuts
